 Dungeon Crawl Stone Soup version 0.31.0-11-ge490571c62 (webtiles) character file.

Game seed: 8486199360395115440

49 DemonSlayer the Digger (level 3, -2/24 HPs)
             Began as a Demonspawn Earth Elementalist on Jan 30, 2024.
             Killed from afar by an orc wizard (6 damage)
             ... with a puff of flame
             ... on level 3 of the Dungeon.
             The game lasted 00:04:24 (2978 turns).

DemonSlayer the Digger (DsEE)                       Turns: 2978, Time: 00:04:24

Health: -2/24      AC:  2    Str:  8    XL:     3   Next: 51%
Magic:  2/6        EV: 12    Int: 21    God:
Gold:   62         SH:  0    Dex: 17    Spells: 3/7 levels left

rFire   . . .        d - +0 dagger (venom)
rCold   . . .        (no shield)
rNeg    . . .        a - +0 robe
rPois   .            (no helmet)
rElec   .            (no cloak)
rCorr   .            (no gloves)
SInv    .            (no boots)
Will    .....        (no amulet)
Stlth   +++          h - +6 ring of intelligence
HPRegen 0.24/turn    (no ring)
MPRegen 0.10/turn

%: no passive effects
@: no status effects
A: thin skeletal structure 1
a: no special abilities


You were on level 3 of the Dungeon.
You visited 1 branch of the dungeon, and saw 3 of its levels.

You collected 62 gold pieces.

Inventory:

Hand Weapons
 d - a +0 dagger of venom (weapon)
Armour
 a - a +0 robe (worn)
Jewellery
 h - a +6 ring of intelligence (left hand)
 o - an amulet of reflection
Scrolls
 c - 2 scrolls of identify {unknown}
 g - a scroll of torment {unknown}
 i - 2 scrolls of noise {unknown}
 j - a scroll of summoning {unknown}
 m - a scroll of fog {unknown}
Potions
 b - a potion of magic
 l - a potion of degeneration {unknown}
 n - a potion of curing {unknown}


   Skills:
 + Level 0.2 Fighting
 + Level 0.4 Short Blades
 + Level 1.9 Dodging
 + Level 2.3 Stealth
 + Level 2.6 Spellcasting
 + Level 1.0 Conjurations
 + Level 3.2 Earth Magic


You had 3 spell levels left.
You knew the following spells:

 Your Spells              Type           Power      Damage    Failure   Level
a - Sandblast             Erth           32%        2d9       3%          1
b - Stone Arrow           Conj/Erth      22%        3d8       17%         3

Your spell library contained the following spells:

 Spells                   Type           Power      Damage    Failure   Level
 Passwall                 Erth           16%        N/A       11%         3
 Brom's Barrelling Bould  Conj/Erth      11%        2d3       50%         4
 Petrify                  Alch/Erth      9%         N/A       56%         4


Dungeon Overview and Level Annotations

Branches:
Dungeon (3/15)

Altars:


Innate Abilities, Weirdness & Mutations

You have a somewhat thin skeletal structure. (Dex +2, Stealth+)


Message History

The blast of sand misses the orc wizard.
The orc barely misses you. The orc wizard barely misses you.
You hear some strange, mumbled words.
A magic dart appears from out of thin air!
The magic dart hits you. The orc closely misses you.
The orc wizard hits you with a +0 dagger.
You are too injured to fight recklessly!
You are too injured to fight recklessly!
You are too injured to fight recklessly!
Casting: Sandblast (safe; 3% risk of failure)
Confirm with . or Enter, or press ? or * to list all spells.
Aiming: Sandblast (safe; 3% risk of failure)
Press: ? - help, Shift-Dir - straight line, f/p - orc wizard
Aim: an orc wizard, wielding a +0 dagger and wearing a +0 robe (moderately wounded, 77% to hit)
The blast of sand hits the orc wizard.
The orc wizard is heavily wounded.
Something hits you but does no damage.
The orc wizard hits you with a +0 dagger.
The orc closely misses you.
You hear some strange, mumbled words.
A puff of flame appears from out of thin air!
The puff of flame hits you.
* * * LOW HITPOINT WARNING * * *
Casting: Sandblast (safe; 3% risk of failure)
Confirm with . or Enter, or press ? or * to list all spells.
You don't know that spell.
Unknown command.
Unknown command.
Unknown command.
Casting: Sandblast (safe; 3% risk of failure)
Confirm with . or Enter, or press ? or * to list all spells.
Aiming: Sandblast (safe; 3% risk of failure)
Press: ? - help, Shift-Dir - straight line, f/p - orc wizard
Aim: an orc wizard, wielding a +0 dagger and wearing a +0 robe (heavily wounded, 77% to hit)
The blast of sand hits the orc wizard.
The orc wizard is severely wounded.
The orc closely misses you.
The orc wizard points at you and mumbles some strange words.
The puff of flame hits you.
You die...

≈≈≈≈≈≈≈≈≈≈≈≈≈≈≈≈≈≈≈≈~...
≈≈≈≈≈≈≈≈≈≈≈≈≈≈≈≈≈≈≈≈~~..
~~~~~~~~~~~~~~~~≈~~~~~..
..~..~~.~..~~~..~~.~~...
.......................)
....o...................
##..##...####.####.####
#{o....#.# #.##<.
#@####.#.####.##)# #o#
#.......... .).
######..... ##.## ###.##
#.. #.## ### #.## #.#.
#... ###.


You could see an orc wizard and an orc.

Vanquished Creatures
  A ribbon worm (D:2)
  A dart slug (D:1)
  2 orcs (D:3)
  A ball python (D:2)
  3 endoplasms
  2 giant cockroaches (D:1)
  3 goblins
  4 hobgoblins
  2 jackals (D:1)
  11 kobolds
  3 bats
  2 frilled lizards
  2 rats (D:1)
37 creatures vanquished.

Notes
Turn   | Place    | Note
-------+----------+-------------------------------------------
     0 | D:1      | DemonSlayer the Demonspawn Earth Elementalist began the
                  | quest for the Orb.
     0 | D:1      | Reached XP level 1. HP: 13/13 MP: 3/3
   439 | D:1      | Gained mutation: You have a somewhat thin skeletal
                  | structure. (Dex +2, Stealth+) [demonic ancestry]
   439 | D:1      | Reached XP level 2. HP: 19/19 MP: 3/5
   755 | D:1      | Reached skill level 3 in Earth Magic
   781 | D:1      | Found a faded altar of an unknown god.
  1544 | D:2      | Reached XP level 3. HP: 24/24 MP: 3/6
  1762 | D:2      | Learned a level 3 spell: Stone Arrow
  2978 | D:3      | Killed from afar by an orc wizard

Illustrated notes

Levels and vault maps discovered:
D:1:      tarquinn_simple_flora_water_a, layout_basic,
          dreamdust_ecumenical_altar_angels_and_demons
D:2:      layout_basic, st_stairs_5
D:3:      minmay_goblin_kobold_castle, layout_loops_cross,
          nicolae_elyvilon_temple_path, hangedman_abyss_or_decor_stabs,
          minmay_between, uniq_ijyb

Skill      XL: |  1  2 |
---------------+-------+-----
Earth Magic    | 3 |  3.2
Stealth        | 2 |  2.3
Fighting       | |  0.2
Short Blades   | |  0.4
Dodging        | |  1.9
Spellcasting   | |  2.6
Conjurations   | |  1.0

Action                     || total
---------------------------++-------
  Melee: Unarmed           ||     9
         Dagger            ||    39
   Cast: Sandblast         ||    34
    Use: Potion            ||     3
   Stab: Sleeping          ||     8
 Armour: Robe              ||    34
         Skin              ||     6
  Dodge: Dodged            ||    59
